AoeStats
← max89345405

Migration

509209525Analyzed
1v1 RM · 7d ago on Sep 25, 2026· 28m 40s· 2 players
Game mode
Random Map
Map size
132×132
Population
200
Speed
Normal
Resources
Standard
Victory
Conquest
Starting age
Dark Age
Ending age
Imperial Age
RankedLock teamsTeams togetherTeam positionsShared explorationLock speedFull tech treeHidden civsTurbo modeCheats
Victory
Defeat
🇹🇷 Varangians · Türkiye
927
+17
🇦🇷 Vietnamese · Argentina
959
-50
max89345405
8:37 Loom
10:44 Feudal Age
11:15 Double-Bit Axe
11:12 Horse Collar
15:01 Town Watch
16:48 Fletching
16:59 Padded Archer Armor
16:47 Fishing Lines
19:33 Castle Age
17:28 Gold Mining
20:13 Bodkin Arrow
20:56 Bow Saw
20:40 Stone Mining
21:39 Wheelbarrow
21:20 Medium Warships
23:01 Ballistics
25:17 Town Patrol
27:20 Hand Cart
29:52 Imperial Age
27:47 Forging
29:12 Leather Archer Armor
28:56 Murder Holes
Pab Mienko
3:54 Loom
11:07 Feudal Age
15:29 Castle Age
13:27 Double-Bit Axe
20:43 Wheelbarrow
19:54 Town Watch
19:55 Loom
21:03 Gold Mining
22:49 Medium Warships
26:19 Fletching
28:23 Bodkin Arrow
Connection lost

Rejoining the realm…

Still unreachable

The connection could not be restored.

Session expired

The server has moved on; the page needs a fresh start.